[Event "Summer Prague Open-A 2022"]
[Site "Prague"]
[Date "2022.08.11"]
[Round "8.5"]
[White "Kaspi, Alexander"]
[Black "Brejnik, Gustav"]
[Result "1-0"]
[ECO "D11"]
[WhiteElo "2414"]
[BlackElo "2292"]
[Annotator "TA"]
[PlyCount "151"]
[EventDate "2022.08.05"]
[EventType "swiss"]
[EventCountry "CZE"]
[SourceTitle "playchess.com"]
[Source "ChessBase"]
[SourceQuality "1"]
[TimeControl "40/5400+30:1800+30"]

1. d4 {[%emt 0:00:04] ChessBase II} d5 2. c4 c6 3. Nf3 Nf6 4. Qb3 dxc4 5. Qxc4 Bf5 6. g3 e6 7. Bg2 Be7 8. O-O {[%emt 0:00:08] D23: Queen's Gambit Accepted: 3 Nf3 Nf6 sidelines.} O-O 9. Nbd2 Nbd7 10. Qb3 {[%emt 0:00:26] The position is equal.} Nb6 11. a4 a5 12. Rd1 {[%emt 0:00:19] [#]} Ne4 $146 (12... Nfd7 $11) ({Predecessor:} 12... Nfd7 13. e4 Bg6 14. Qe3 f5 15. Qb3 Kh8 16. exf5 Bxf5 17. Nc4 Bg4 18. Nxb6 Qxb6 {½-½ (52) Eljanov,P (2732)-Motylev,A (2685) Shamkir 2014 CBM 160 [ChessBase II]}) 13. Nf1 (13. Ne5 $5 Nf6 14. e4 $14) 13... h6 14. Ne5 Bh7 15. f3 Nd6 16. e4 {[%emt 0:00:40] Inhibits Nf5.} Nd7 17. Be3 {[%emt 0:04:08] White is more active.} Qb6 18. Qa2 Qc7 19. Nd3 b6 20. Rac1 Qb7 21. Rc3 Rfc8 22. Rdc1 Ne8 23. b3 Nef6 24. Qf2 Nb8 25. g4 Na6 26. h4 Nb4 27. Nxb4 Bxb4 28. R3c2 Ba3 29. Ra1 Be7 (29... Bb4 $11) 30. g5 $14 hxg5 31. hxg5 Nd7 32. f4 c5 33. g6 (33. d5 $1 $16 ) 33... Bxg6 $11 34. f5 Bh7 35. e5 Qb8 36. Bxa8 {[%emt 0:00:53] Be4 is the strong threat.} Qxa8 (36... Bxf5 $17 37. Bc6 Rxc6) 37. Ng3 Bh4 {[%emt 0:02:07] And now ...exf5 would win.} 38. Qf4 $36 {[%emt 0:01:19][%mdl 2048] White has the initiative.} Bxg3 39. Qxg3 Bxf5 40. Rg2 Bg6 41. Rf1 {[%emt 0:42:46][%cal Of1f7,Ba1f1,Bf1f4,Bf4d4,Bd4d6][%mdl 32] aiming for Rxf7!} Qe4 42. Rf4 Qb1+ 43. Kh2 cxd4 44. Rxd4 Nf8 ({Don't do} 44... Nc5 45. Rgd2 Rf8 46. Rh4 $14) 45. Bd2 Qd1 46. Rd6 Qh5+ 47. Kg1 Qd1+ 48. Kh2 Qh5+ 49. Kg1 Rc2 (49... Qd1+ $11 50. Kh2) 50. Rd8 $16 {[%emt 0:00:00][%mdl 1024] White has strong compensation.} Qd1+ 51. Kh2 {[%emt 0:00:00] Strongly threatening Qh4.} Qh5+ 52. Kg1 Qd1+ $1 {[%emt 0:00:07] [#]} 53. Qe1 $1 Qf3 {[%emt 0:01:06][%mdl 8192] This move loses the game for Black.} (53... Qh5 $1 $14) 54. Qh4 $18 {[%emt 0:00:47][%cal Od8f8] White wants to mate with Rxf8+!} Qd1+ (54... Qc6 $2 55. b4 axb4 {[#]} 56. Rxf8+ $1 Kxf8 57. Qd8+ Qe8 58. Bxb4+ Rc5 59. Qxb6 $18) 55. Kh2 {[%emt 0:01:22][%cal Od8f8] Rxf8+! would kill now. Really sharp!} Qh5 56. Qxh5 Bxh5 57. Bg5 Rc7 58. Rgd2 f6 59. exf6 Kf7 $2 (59... Rf7 60. R2d6 Kh7 61. fxg7 Kxg7) 60. fxg7 Kxg7 61. Bf4 Rf7 62. Be5+ Kh7 (62... Kg6 {keeps fighting.} 63. Bd4 Nh7 64. Bxb6 Nf6 65. Bxa5 Bf3) 63. Bd4 Ng6 64. Rf2 Rb7 $2 (64... Re7 65. Rd6 Kg8 66. Rxb6 e5) 65. Kg3 {[%emt 0:01:02] Threatens to win with Rh2.} e5 66. Rh2 exd4 67. Rxh5+ {[%emt 0:00:05][%mdl 4096] Endgame KRR-KRN} Kg7 68. Rd6 {[%emt 0:00:18] Black must now prevent Rg5.} Ne7 69. Rb5 Nc8 70. Rc6 Rb8 71. Kf4 {[%emt 0:01:36] Hoping for Rc7+.} Kf7 72. Ke5 Ke7 73. Rc7+ {[%emt 0:00:10] White mates.} Kd8 74. Rh7 Ne7 75. Kd6 Nc8+ 76. Ke6 {[%emt 0:00:08] Weighted Error Value: White=0.13 (very precise) /Black=0.24 (precise)} 1-0

[Event "Summer Prague Open-A 2022"]
[Site "Prague"]
[Date "2022.08.11"]
[Round "8.6"]
[White "Sarkar, Justin"]
[Black "Weishaeutel, Moritz"]
[Result "1/2-1/2"]
[ECO "B76"]
[WhiteElo "2346"]
[BlackElo "2400"]
[Annotator "TA"]
[PlyCount "81"]
[EventDate "2022.08.05"]
[EventType "swiss"]
[EventCountry "CZE"]
[SourceTitle "playchess.com"]
[Source "ChessBase"]
[SourceQuality "1"]
[TimeControl "40/5400+30:1800+30"]

1. e4 c5 2. Nf3 d6 3. d4 cxd4 4. Nxd4 Nf6 5. Nc3 g6 6. Be3 Bg7 7. f3 O-O 8. Qd2 Nc6 9. O-O-O d5 10. Nxc6 bxc6 11. exd5 cxd5 12. Nxd5 Nxd5 13. Qxd5 Qc7 14. Qc5 Qb7 15. Qa3 Bf5 16. Bd3 Rab8 {[%emt 0:00:33][%cal Rg7b2] B76: Sicilian Dragon: Yugoslav Attack, 9 g4 and 9 0-0-0.} 17. b3 {[%emt 0:00:29] next Bxf5 is good for White.} Rfc8 {[%emt 0:04:12] Threatens to win with ...Qc7.} (17... Qc6 $5 18. Qa5 (18. Bxa7 $2 Ra8 $19) (18. Bxf5 Qc3 $15) 18... Qf6 19. Bxf5 (19. c3 Rfc8 $17) 19... Qb2+ 20. Kd2 gxf5 $11) 18. Bxf5 (18. Qxa7 Qb5 $1 19. Kb1 (19. Bxb5 $2 Rxc2+ 20. Kb1 Rc4+) 19... Qc6 20. Bxf5 gxf5 $17) (18. Bxa7 $2 Ra8 19. Bxf5 gxf5 $19) 18... gxf5 {[%emt 0:00:08] White is slightly better.} 19. Qa5 Qc6 $1 20. c4 {[%emt 0:05:52] Active counter play!} (20. c3 Bxc3 21. Qxf5 Rb5 $19) 20... Qe6 $1 (20... Qf6 21. Bd4 Qg5+ 22. Kb1 $16 (22. Qd2 Qxd2+ 23. Rxd2 Bh6 $11)) 21. Rhe1 {[%emt 0:11:41] Hoping for Bf4.} (21. Qd2 $2 Rxc4+ $1 22. bxc4 Qxc4+ 23. Qc2 Bb2+ 24. Kd2 Rd8+ 25. Ke1 Qxc2 $19) 21... Rxc4+ 22. Kb1 (22. bxc4 $2 Qxc4+ 23. Kd2 Rb2#) 22... Rcc8 {[%emt 0:02:36][%cal Ob8b3] Inhibits Rd8+.} 23. Qd5 {[%emt 0:13:00] [#]} (23. Bd4 Rxb3+ $1 24. axb3 Qxb3+ 25. Ka1 Rc1+ $3 26. Rxc1 Bxd4+) (23. Rd3 $1 $11) 23... Qg6 $146 (23... Qf6 24. Bd4 Qg6 25. Bxg7 $14 (25. Rxe7 f4+ 26. Ka1 Rc2 $11)) (23... Qa6 $1 $17 {White must now prevent ...Rb5.} 24. Bd4 e6) ({Predecessor:} 23... Qa6 24. Qd3 Qa3 25. Re2 a5 26. Rc2 h6 27. Bf4 Rd8 28. Qxd8+ Rxd8 29. Rxd8+ Kh7 {½-½ (55) Kokarev,D (2469)-Timofeev,A (2496) Kazan 2001}) 24. Bf4 $1 $11 e6 ({Much less strong is} 24... Qxg2 25. Rd2 Qg6 26. Bxb8 Rxb8 27. Qd7 $16 (27. Rxe7 Qf6 $16)) 25. Qd7 $132 {[%emt 0:02:48][%mdl 2048] White is fighting back} Qxg2 26. Rd2 {[%emt 0:01:06] Inhibits Qb2+.} Qxf3 {[%emt 0:00:06] ( -> ...Rxb3+)} 27. Bxb8 Rxb8 28. Qc7 Rf8 29. Rd8 (29. Rc2 $11) 29... Qf2 ({Black should play} 29... h5 $1 $15) 30. Rxf8+ Bxf8 {[%emt 0:00:04][%mdl 4096] Endgame KQR-KQB} 31. Rd1 f4 32. Rd8 {[%emt 0:01:53] [#]} (32. Qb8 $11 {remains equal.}) 32... Qg1+ $1 $17 ({But not} 32... Qxh2 33. Rxf8+ (33. Qc5 Qh1+ 34. Kc2 Qg2+ 35. Kc1 Qg7 $11) 33... Kxf8 34. Qd8+ Kg7 35. Qg5+ Kh8 36. Qf6+ Kg8 37. Qg5+ Kf8 38. Qd8+ Kg7 39. Qg5+ Kh8 40. Qf6+ Kg8 41. Qg5+ Kf8 42. Qd8+ $11) 33. Qc1 (33. Kb2 $15) 33... Qxh2 (33... Qg6+ $17 34. Qc2 Kg7) 34. Qc5 $11 {[%emt 0:00:34][%csl Gd8][%cal Rc5f8] The position is equal.} Qh1+ 35. Kc2 Qg2+ 36. Kd3 {[%emt 0:02:19][%csl Gd8][%cal Rc5f8] Dancing on a razor blade.} Qg6+ 37. Kd2 Qg7 38. Rxf8+ Qxf8 39. Qg5+ Qg7 40. Qd8+ Qf8 41. Qg5+ {[%emt 0:30:01] Weighted Error Value: White=0.20 (precise) /Black=0.17 (very precise)} 1/2-1/2

[Event "Summer Prague Open-A 2022"]
[Site "Prague"]
[Date "2022.08.11"]
[Round "8.7"]
[White "Nemeth, Zalan"]
[Black "Hrabusa, Matej"]
[Result "0-1"]
[ECO "A11"]
[WhiteElo "2194"]
[BlackElo "2354"]
[Annotator "TA"]
[PlyCount "68"]
[EventDate "2022.08.05"]
[EventType "swiss"]
[EventCountry "CZE"]
[SourceTitle "playchess.com"]
[Source "ChessBase"]
[SourceQuality "1"]
[TimeControl "40/5400+30:1800+30"]

1. c4 c6 2. g3 d5 3. Nf3 Nf6 4. Bg2 dxc4 5. O-O Nbd7 6. Qc2 Nb6 7. Na3 Be6 {A11: English Opening: 1...c6.} 8. Ne5 h5 {[%emt 0:02:00] 8...h5 scores better than 8...Qd4.} 9. h4 Ng4 {The position is equal.} 10. Naxc4 Nxc4 11. Nxc4 g5 12. hxg5 Bg7 13. d3 h4 14. Bf4 Bd5 {[%emt 0:05:05] [#]} 15. e4 $146 ({Predecessor:} 15. gxh4 Rxh4 16. Bg3 Rh5 17. Qc1 Qc8 18. Qf4 Bxc4 19. Qxc4 Rxg5 20. d4 Bf6 21. e4 {½-½ (28) Compagnie,L (2396)-Schmalz,P (2309) ICCF email 2018}) 15... Be6 16. Ne3 hxg3 17. Bxg3 Qd4 18. Nf5 Bxf5 19. exf5 Be5 $1 20. Bxe5 ({Don't blunder} 20. Bxc6+ $2 Kf8 21. Kg2 (21. Bxb7 $2 Bxg3 22. Bxa8 Bh2+ 23. Kh1 Be5+ 24. Kg1 Qf4 $19) 21... bxc6 $19) (20. Qc3 $11 Rd8 21. Qxd4 Rxd4 22. Be4) 20... Qxe5 $17 {[%emt 0:03:41][%csl Gg4,Gh8][%cal Re5h2] [#]} 21. Rfe1 Qxf5 {[%emt 0:05:16] Threatens to win with ...Rh5. Black is more active.} 22. Re4 (22. Bxc6+ $17 {was necessary.} bxc6 23. Qxc6+ Kf8 24. Qxa8+ Kg7 25. Qg2 (25. Qxa7 {is a self mate.} Qf3 26. Qd4+ e5)) 22... Qxg5 $19 23. Qe2 $2 (23. Qc1 Qf5 24. Qf4 Qxf4 25. Rxf4) 23... Rg8 24. Re1 {[%emt 0:08:10][%cal Oe4g4] [#] Black must now prevent Rxg4!} e6 $1 25. f3 Nf6 26. Re5 Qg7 27. f4 O-O-O ({Inferior is} 27... Qg3 28. Rxe6+ fxe6 29. Qxe6+ Kd8 30. Qxf6+ Kc8 31. Qf5+ Kb8 32. Qe5+ Kc8 33. Qf5+ Kc7 34. Qe5+ Kc8 35. Qf5+ $11) (27... Ng4 $142 28. Qe4 Nxe5 29. fxe5 O-O-O) 28. Rg5 Qh6 29. Qd2 (29. Qe3 $142) 29... Qh4 30. Re2 $2 (30. Qf2 {keeps fighting.} Qxf2+ 31. Kxf2) 30... Ng4 {[%emt 0:02:00] And now ...Qh2+ would win.} 31. Be4 f5 32. Bg2 (32. Qe1 $142 Qxe1+ 33. Rxe1 fxe4 34. Rxe4) 32... Rxg5 33. fxg5 Qg3 {[%emt 0:01:07] ( -> ...Rh8)} 34. d4 Rh8 {[%emt 0:00:38] Weighted Error Value: White=0.86/Black=0.15 (very precise)} 0-1

[Event "Summer Prague Open-A 2022"]
[Site "Prague"]
[Date "2022.08.11"]
[Round "8.8"]
[White "Schmaltz, Roland"]
[Black "Gloser, David"]
[Result "1-0"]
[ECO "B76"]
[WhiteElo "2466"]
[BlackElo "2221"]
[Annotator "ChessBase"]
[PlyCount "91"]
[EventDate "2022.08.05"]
[EventType "swiss"]
[EventCountry "CZE"]
[SourceTitle "playchess.com"]
[Source "ChessBase"]
[SourceQuality "1"]
[TimeControl "40/5400+30:1800+30"]

1. e4 c5 2. Nf3 d6 3. d4 cxd4 4. Nxd4 Nf6 5. Nc3 g6 6. Be3 Bg7 7. f3 Nc6 8. Qd2 O-O 9. O-O-O d5 10. Qe1 e5 11. Nxc6 bxc6 12. exd5 Nxd5 13. Bc4 Be6 14. Ne4 Qc7 15. Bc5 Rfd8 16. g4 h6 17. Rg1 Rab8 18. g5 h5 19. Bb3 a5 20. Kb1 Rb7 21. Ba3 Ra7 22. Nc5 Bf5 23. Rg2 Nf4 24. Rgd2 Rd4 25. Rxd4 exd4 26. Ne4 a4 27. Bc4 Be6 28. Bd6 Qd8 29. Bxe6 Nxe6 30. Qb4 Ra5 31. Be7 Qa8 32. Bf6 Rb5 33. Qa3 c5 34. c4 Rb8 35. Bxg7 Kxg7 36. Nxc5 Nxg5 37. f4 Ne4 38. Ka1 Kh7 39. Nd7 Nf2 40. Rg1 Rb7 41. Qe7 Kg8 42. f5 Rxd7 43. Qxd7 Qe4 44. Qd8+ Kh7 45. Qf6 Kh6 46. Qh8# 1-0

[Event "Summer Prague Open-A 2022"]
[Site "Prague"]
[Date "2022.08.11"]
[Round "8.9"]
[White "Kambrath, Yannick"]
[Black "Dauth, Benjamin"]
[Result "1/2-1/2"]
[ECO "A41"]
[WhiteElo "2401"]
[BlackElo "2243"]
[Annotator "TA"]
[PlyCount "91"]
[EventDate "2022.08.05"]
[EventType "swiss"]
[EventCountry "CZE"]
[SourceTitle "playchess.com"]
[Source "ChessBase"]
[SourceQuality "1"]
[TimeControl "40/5400+30:1800+30"]

1. d4 d6 2. Nf3 Nc6 3. c4 Bg4 4. Nc3 e5 5. d5 Bxf3 (5... Nce7 $14 {should be considered.}) 6. exf3 {[%emt 0:00:05][%cal Be2f3,Bf3f4][%mdl 32] A41: 1 d4 d6: Tartakower System and Modern Defence.} Nd4 7. g3 g6 8. Bg2 {[%emt 0:00:40] [#] White is slightly better.} Bh6 $146 (8... Bg7 $14) ({Predecessor:} 8... Bg7 9. O-O Ne7 10. f4 O-O 11. Qd3 f5 12. Be3 e4 13. Qd2 c5 14. dxc6 Nexc6 {1-0 (39) Silva,L (2353)-Martins,D (2402) Braga 2018}) 9. f4 $16 f6 (9... Bg7 $142) 10. O-O Nf5 (10... Bg7 $16 {keeps fighting.} 11. Be3 Nf5 12. fxe5 fxe5) 11. fxe5 Bxc1 12. Qxc1 {[%emt 0:00:14] [#] And now exd6 would win.} dxe5 13. f4 Qe7 14. fxe5 fxe5 15. Ne4 {[%emt 0:02:37][%cal Bc3e4,Be4c5,Bc5d7][%mdl 32] Hoping for c5.} Ngh6 16. Bh3 O-O 17. Qg5 {[%emt 0:06:13] Bxf5 is the strong threat.} Rae8 18. Rae1 {[%emt 0:02:58] White is more active.} Kg7 19. Qxe7+ Rxe7 20. Nc5 {[%emt 0:01:12] aiming for Ne6+.} Nd4 21. Rxf8 Kxf8 22. Kg2 {[%emt 0:01:03] Against Nf3} Nhf5 23. Bxf5 gxf5 {[%emt 0:00:18] [#]} 24. Rxe5 $3 Rxe5 25. Nd7+ Ke7 26. Nxe5 {[%emt 0:00:01][%mdl 4096] Endgame KN-KN} Kd6 27. Nf3 Kc5 (27... Nc2 $142) 28. Nd2 ({White should try} 28. Nxd4 $16 Kxd4 29. b3) 28... b5 29. cxb5 Nxb5 30. Kf3 Kxd5 31. Ke3 Nd6 {[%emt 0:00:39] The position is equal.} 32. Kd3 c5 33. b3 Ke6 34. Nc4 Ne4 35. Ke3 Nc3 36. a3 Nb5 37. Kd3 Nd4 38. b4 Nf3 $1 39. h3 cxb4 40. axb4 Ng5 41. b5 Nxh3 {[%emt 0:02:03] Threatening ...f4.} 42. b6 axb6 43. Nxb6 h5 44. Ke3 Ng5 45. Kf4 Ne4 46. Nc4 {[%emt 0:00:28] Black defended with fortune.  Weighted Error Value: White=0.12 (very precise) /Black=0.10 (very precise)} 1/2-1/2

[Event "Summer Prague Open-A 2022"]
[Site "Prague"]
[Date "2022.08.11"]
[Round "8.10"]
[White "Polster, Christian"]
[Black "Ranaldi, Lucas"]
[Result "0-1"]
[ECO "B11"]
[WhiteElo "2236"]
[BlackElo "2339"]
[Annotator "TA"]
[PlyCount "76"]
[EventDate "2022.08.05"]
[EventType "swiss"]
[EventCountry "CZE"]
[SourceTitle "playchess.com"]
[Source "ChessBase"]
[SourceQuality "1"]
[TimeControl "40/5400+30:1800+30"]

1. e4 c6 2. Nc3 d5 3. Nf3 Bg4 4. h3 Bxf3 5. Qxf3 Nf6 6. d4 dxe4 {[%emt 0:02:31] B11: Caro-Kann: Two Knights Variation.} 7. Nxe4 (7. Qe3 $11) 7... Qxd4 $15 8. Bd3 Nbd7 {[%emt 0:01:12][%cal Bb8d7,Bd7f6,Bf6d5][%mdl 32] Black is slightly better.} 9. Be3 Qd5 10. Rd1 {[%emt 0:04:22] [#]} (10. O-O $5 ) 10... g6 $146 ({Predecessor:} 10... e6 11. O-O Be7 12. Nxf6+ Bxf6 13. Be4 Qb5 14. b3 Ne5 15. Qh5 g6 16. Qh6 Qb4 {1-0 (29) Mamedov,R (2561)-Alavi Moghaddam,S (2314) Abu Dhabi 2006}) 11. O-O Bg7 $1 12. Nxf6+ Nxf6 13. Qg3 {[%emt 0:04:57][%cal Od3g6] [#] Hoping for Bxg6!} Qxa2 14. Qc7 Nd5 15. Qxb7 O-O 16. Bc1 Rfc8 17. c3 Rab8 $36 {[%emt 0:12:00][%mdl 2048] Black is pushing.} 18. Qd7 h5 {[%emt 0:01:19] White must now prevent ...Rc7.} 19. h4 Qa4 20. Qh3 Nf4 {[%emt 0:05:57] Black is more active.} 21. Bxf4 Qxf4 22. Rfe1 (22. g3 $142 Qc7 23. Rd2) 22... e6 ({Black should play} 22... Rd8 23. g3 Qc7) 23. Re4 Qf6 24. Rb1 Rd8 25. Qe3 Rd7 26. Ra4 Qe5 {[%emt 0:05:10] ...Qxe3 is the strong threat.} 27. Be4 {[%emt 0:01:50] [#] Loses the game.} (27. Qf3 $17) 27... Rxb2 $3 $19 28. Rf1 (28. Raa1 Rbd2) 28... Qxc3 29. Qxc3 Bxc3 30. Bxc6 Rdd2 31. Rf4 $2 (31. Kh2) 31... f5 32. Be8 Kg7 33. Rc4 Bd4 34. Rc7+ Kh6 35. Re7 Bxf2+ 36. Kh2 Bxh4 {[%emt 0:00:25] Black mates.} 37. Rxe6 Rxg2+ 38. Kh3 Rh2# {Weighted Error Value: White=0.65/Black=0.06 (flawless)} 0-1

[Event "Summer Prague Open-A 2022"]
[Site "Prague"]
[Date "2022.08.11"]
[Round "8.11"]
[White "Mirimanian, Hayk"]
[Black "Risting, Eivind Olav"]
[Result "1-0"]
[ECO "B12"]
[WhiteElo "2228"]
[BlackElo "2325"]
[Annotator "TA"]
[PlyCount "99"]
[EventDate "2022.08.05"]
[EventType "swiss"]
[EventCountry "CZE"]
[SourceTitle "playchess.com"]
[Source "ChessBase"]
[SourceQuality "1"]
[TimeControl "40/5400+30:1800+30"]

1. e4 c6 2. d4 d5 3. e5 Bf5 4. c4 e6 5. Nc3 Ne7 6. Nge2 dxc4 {[%emt 0:15:34][%cal Oc6c5] B12: Caro-Kann: Advance Variation.} 7. Ng3 Nd7 (7... b5 $15 {deserves consideration.}) 8. Bxc4 $11 Nb6 {[%emt 0:01:36] The position is equal.} 9. Bb3 Qd7 10. Bg5 Bg6 11. O-O h6 12. Be3 {[%emt 0:03:29] [#]} Nf5 $146 ({Predecessor:} 12... Ned5 13. a4 a5 14. Rc1 Be7 15. Qd2 O-O 16. Rfd1 Rfd8 17. Nce4 Nb4 18. Bxh6 Qe8 {1-0 (42) Kaspereit,H (2062)-Haberer,M (2114) Germany 2006}) 13. Nxf5 Bxf5 14. Qe2 Be7 15. Rad1 (15. g4 $5 Bg6 16. h3 $11) 15... h5 16. Qd2 Bg6 17. Bg5 Bxg5 18. Qxg5 Qe7 19. Qc1 h4 20. Bc2 Bh5 21. f3 O-O-O 22. Ne4 Kb8 23. Qd2 Bg6 24. Nd6 Bxc2 25. Qxc2 Nc8 26. Ne4 Rd5 27. Rd3 Rhd8 28. Rfd1 f6 29. f4 Qf7 30. Qf2 Qg6 (30... fxe5 $11 31. fxe5 Qxf2+ 32. Kxf2 Nb6) 31. Nc3 $16 R5d7 32. Qxh4 Ne7 33. exf6 {[%emt 0:01:41] White is more active.} gxf6 34. Qe1 Nf5 35. Qe4 Qg8 36. Na4 Rd5 37. Nc3 ({White should try} 37. Nc5 $16) 37... R5d6 {[%emt 0:01:09] [#]} (37... R5d7 $11 {keeps the balance.}) 38. b4 (38. d5 $1 $16 ) 38... Qe8 39. a4 Qd7 $1 40. Ne2 e5 41. fxe5 fxe5 42. d5 (42. Qxe5 Re8 43. Qf4 Rxe2 $17) (42. R1d2 $14) 42... cxd5 $11 43. Qxe5 {[%emt 0:00:36] Rxd5 is the strong threat.} Re8 {[%emt 0:01:49][%mdl 64] [#] Deflection} 44. Qf4 Rxe2 45. Rxd5 $1 Qg7 46. g4 $16 Qe7 {[%emt 0:06:31][%mdl 8192] Loses the game.} 47. Rxd6 $18 {[%emt 0:05:13][%csl Gd1][%cal Rd6d8] White is clearly winning.} Re1+ 48. Kg2 ({Less strong is} 48. Rxe1 Qxe1+ 49. Kg2 Qe2+ 50. Kh3 Nxd6 $18) 48... Nh4+ (48... Re2+ $142 49. Kf1 Nxd6) 49. Kf2 Qe2+ 50. Kg3 {[%emt 0:00:01] Weighted Error Value: White=0.16 (very precise) /Black=0.35} 1-0

[Event "Summer Prague Open-A 2022"]
[Site "Prague"]
[Date "2022.08.11"]
[Round "8.12"]
[White "Kulhanek, Tomas"]
[Black "Prilleltensky, Matan"]
[Result "1-0"]
[ECO "B23"]
[WhiteElo "2319"]
[BlackElo "2191"]
[Annotator "TA"]
[PlyCount "95"]
[EventDate "2022.08.05"]
[EventType "swiss"]
[EventCountry "CZE"]
[SourceTitle "playchess.com"]
[Source "ChessBase"]
[SourceQuality "1"]
[TimeControl "40/5400+30:1800+30"]

1. e4 c5 2. Nc3 e6 3. g3 d5 4. d3 Nf6 5. Bg2 Be7 6. f4 Nc6 7. e5 {[%emt 0:00:39] B24: Closed Sicilian: 3 g3 sidelines.} Ng8 8. Nf3 Nh6 9. O-O {[%emt 0:01:19] The position is equal.} Bd7 {[%emt 0:04:33] [#]} 10. Ne2 $146 ({Predecessor:} 10. Kh1 Nf5 11. Ne2 h5 12. d4 h4 13. g4 h3 14. gxf5 hxg2+ 15. Kxg2 cxd4 16. Nexd4 exf5 {1-0 (29) Nordquelle,D (2235)-Skaslien,I (1828) Kragero 2019}) 10... Qb6 11. c3 f6 12. Kh1 O-O-O 13. d4 fxe5 14. fxe5 Nf5 15. g4 Nh6 16. h3 $1 Rdf8 17. b3 Nf7 18. a3 ({White should try} 18. Be3) 18... g5 19. Ng3 h6 20. b4 c4 21. a4 Qd8 22. Nh5 Rhg8 23. b5 Na5 24. Ba3 Nb3 25. Bxe7 Qxe7 26. Ra2 Nh8 27. Nf6 Rg7 28. h4 Ng6 29. h5 Nf4 30. Nd2 (30. Ng1 $14) 30... Nxd2 $11 31. Qxd2 Rxf6 32. exf6 Qxf6 33. Qe3 $36 {[%emt 0:05:46][%mdl 2048] White has some pressure.} Rf7 34. Raf2 Kd8 35. Kh2 Kc7 36. Kg3 Kd6 37. Qc1 {[%emt 0:11:16][%cal Rf2f4] [#] Threatens to win with Rxf4. Really sharp!} b6 $2 {[%emt 0:03:39][%mdl 8192] This move loses the game for Black.} (37... e5 $2 38. Qa3+ Kc7 39. Bxd5 $18) (37... Be8 $14) 38. Rxf4 $18 gxf4+ 39. Rxf4 Qxf4+ 40. Qxf4+ Rxf4 41. Kxf4 {[%emt 0:30:07][%mdl 4096] Endgame aiming for g5. KB-KB} Ke7 42. g5 hxg5+ 43. Kxg5 Kf7 44. h6 Bc8 45. Bh3 {[%emt 0:00:00] White threatens Bg4 and mate.} Bd7 46. Bg4 a5 47. bxa6 Bxa4 {[%emt 0:00:18] [#]} 48. Bxe6+ $1 {[%emt 0:00:00][%mdl 512] Weighted Error Value: White=0.10 (very precise) /Black=0.39} 1-0

[Event "Summer Prague Open-A 2022"]
[Site "Prague"]
[Date "2022.08.11"]
[Round "8.13"]
[White "Jun, Rudolf"]
[Black "Parligras, Cosmin"]
[Result "1/2-1/2"]
[ECO "C70"]
[WhiteElo "2134"]
[BlackElo "2277"]
[Annotator "TA"]
[PlyCount "30"]
[EventDate "2022.08.05"]
[EventType "swiss"]
[EventCountry "CZE"]
[SourceTitle "playchess.com"]
[Source "ChessBase"]
[SourceQuality "1"]
[TimeControl "40/5400+30:1800+30"]

1. e4 e5 2. Nf3 Nc6 3. Bb5 a6 4. Ba4 g6 5. O-O Bg7 6. c3 d6 7. h3 Nge7 {[%emt 0:06:35] [#] An uneventful encounter. C60: Ruy Lopez: Unusual Black 3rd moves and 3...g6.} {Predecessor:} 8. d4 $146 O-O 9. dxe5 dxe5 10. Qe2 Be6 11. Rd1 Qc8 12. Be3 h6 13. Nbd2 b6 14. Bb3 f5 15. Bxe6+ Qxe6 {½-½ (38) Babazada,K (2409)-McShane,L (2674) Tornelo INT 2021} 1/2-1/2

[Event "Summer Prague Open-A 2022"]
[Site "Prague"]
[Date "2022.08.11"]
[Round "8.14"]
[White "Pozzari, Simone"]
[Black "Kvaloy, Aksel Bu"]
[Result "1/2-1/2"]
[ECO "C88"]
[WhiteElo "2136"]
[BlackElo "2289"]
[Annotator "TA"]
[PlyCount "120"]
[EventDate "2022.08.05"]
[EventType "swiss"]
[EventCountry "CZE"]
[SourceTitle "playchess.com"]
[Source "ChessBase"]
[SourceQuality "1"]
[TimeControl "40/5400+30:1800+30"]

1. e4 e5 2. Nf3 Nc6 3. Bb5 a6 4. Ba4 Nf6 5. O-O Be7 6. Re1 b5 7. Bb3 O-O 8. a4 Bb7 9. d3 d6 10. Nbd2 Nd7 11. c3 Nc5 12. axb5 axb5 13. Rxa8 Qxa8 14. Bc2 {[%emt 0:00:06] C88: Closed Ruy Lopez: Anti-Marshall Systems.} b4 $1 {[%emt 0:00:41] 14...b4 scores better than 14...Bf6.} 15. d4 bxc3 16. bxc3 Nd7 17. Nf1 Qa1 18. Bd2 Qxd1 19. Rxd1 Ra8 20. Rb1 {[%emt 0:00:45] [#]} Na5 $146 ({Predecessor:} 20... Bc8 21. Bd3 Bf6 22. Be3 h6 23. h3 Ra3 24. Bb5 Ncb8 25. Bd2 Nb6 26. Ne3 Be6 {0-1 (51) Garifullina,L (2214)-Sargissian,G (2596) Riga 2021}) 21. Ne3 g6 22. h3 Bf6 23. d5 {[%emt 0:08:40] Threatens to win with c4.} Ba6 {[%emt 0:12:19] Against c4} 24. Ra1 Nb7 25. Bd3 Nbc5 26. Bxa6 Nxa6 ({Better is} 26... Nb8 $15) 27. Nc2 $11 Nb6 $1 28. Be3 $36 {[%emt 0:02:24][%mdl 2048] White fights for an advantage.} Nb8 29. Rxa8 Nxa8 30. Nb4 Kf8 31. Nd2 Ke8 32. c4 Be7 33. Nb3 Kd7 34. c5 {[%emt 0:02:11] Black must now prevent c6+.} (34. Na5 $5 ) 34... c6 35. Na5 cxd5 ({Don't do} 35... dxc5 36. Nbxc6 (36. dxc6+ Ke6 $11) 36... Nxc6 37. Nxc6 $16) 36. c6+ {[%emt 0:00:08] [#]} Nxc6 $1 37. Naxc6 dxe4 38. Nxe7 Kxe7 39. f3 exf3 40. gxf3 Nc7 41. Bb6 Nb5 {[%emt 0:32:56][%mdl 1024] Black has compensation.} 42. Kf2 Ke6 43. Nd3 Nc3 44. Ba5 Nd5 45. Bd8 Kf5 46. Kg3 {[%emt 0:00:00] The position is equal.} h6 47. Nf2 Nf6 48. Bxf6 Kxf6 {[%emt 0:00:00][%mdl 4096] Endgame KN-KP} 49. Ng4+ Kg7 50. Ne3 Kf8 51. Nd5 f5 52. Kf2 Kf7 53. Ke3 g5 54. Kd3 h5 55. Ke3 h4 56. Nc7 Ke7 57. Nd5+ Kd7 58. Kf2 Ke6 59. Nc7+ Kd7 60. Nd5 Ke6 {[%emt 0:00:02] Weighted Error Value: White=0.06 (flawless) /Black=0.07 (flawless)} 1/2-1/2